 Dungeon Crawl Stone Soup version 0.29.1-12-g30fa7ad0bf (webtiles) character file.

Game seed: 10316045876769767999

32 mopl the Slasher (level 3, 0/22 HPs)
             Began as a Tengu Warper on Jan 5, 2023.
             Succumbed to a gnoll's poison
             ... on level 1 of the Dungeon.
             The game lasted 00:02:49 (1118 turns).

mopl the Slasher (Tengu Warper)                     Turns: 1118, Time: 00:02:50

Health: 0/22       AC:  5    Str: 12 (13) XL:     3   Next: 27%
Magic:  7/7        EV: 10    Int: 10 (13) God:
Gold:   52         SH:  0    Dex: 11 (13) Spells: 4/6 levels left

rFire   . . .      SeeInvis .   a - +0 falchion
rCold   . . .      Faith    .   (no shield)
rNeg    . . .      Spirit   .   g - +0 ring mail
rPois   .          Reflect  .   (helmet restricted)
rElec   .          Harm     .   (no cloak)
rCorr   .          Rampage  .   (no gloves)
Will    .....                   (boots unavailable)
Stlth   +.........              (no amulet)
HPRegen 0.07/turn               (no ring)
MPRegen 0.10/turn               (no ring)

@: lethally poisoned (0 -> -6)
A: beak, talons 3
a: no special abilities


You were on level 1 of the Dungeon.
You visited 1 branch of the dungeon, and saw 2 of its levels.

You collected 52 gold pieces.

Inventory:

Hand Weapons
 a - a +0 falchion (weapon)
Missiles
 d - 5 boomerangs of dispersal (quivered)
Armour
 b - a +0 leather armour
 g - a +0 ring mail (worn)
Scrolls
 c - a scroll of blinking
 e - a scroll of magic mapping {unknown}
 f - 2 scrolls of amnesia {unknown}
 h - a scroll of identify {unknown}
 j - a scroll of immolation {unknown}
Potions
 m - a potion of might {unknown}


   Skills:
 + Level 2.4 Fighting
 * Level 3.1 Long Blades
 + Level 1.6 Throwing
 - Level 1.1 Armour
 - Level 2.1 Dodging
 - Level 2.0 Spellcasting
 + Level 2.5 Translocations


You had 4 spell levels left.
You knew the following spells:

 Your Spells              Type           Power      Damage    Failure   Level
a - Blink                 Tloc           12%        N/A       36%         2

Your spell library contained the following spells:

 Spells                   Type           Power      Damage    Failure   Level
 Magic Dart               Conj           4%         1d3       56%         1
 Gell's Gravitas          Tloc           6%         N/A       58%         3
 Lesser Beckoning         Tloc           6%         N/A       58%         3
 Teleport Other           Tloc           6%         N/A       58%         3
 Call Imp                 Summ           1%         N/A       71%         2
 Mephitic Cloud           Conj/Pois/Air  1%         N/A       91%         3
 Manifold Assault         Tloc           6%         N/A       100%        5


Dungeon Overview and Level Annotations

Branches:
Dungeon (2/15)

Altars:

Shops:
D:1 (


Innate Abilities, Weirdness & Mutations

You have a beak for a mouth.
You have claws for feet.


Message History

You feel sick.
The gnoll looks more healthy.
The gnoll hits you but does no damage.
You are lethally poisoned!
Throw: 7 boomerangs (disperse)
Press: ? - help, Q - select action Shift-Dir - straight line, f - you, p - gnoll
Okay, then.
Unknown command.
Throw: 7 boomerangs (disperse)
Press: ? - help, Q - select action Shift-Dir - straight line, f/p - gnoll
Aim: a gnoll, wielding a +0 spear of venom (moderately wounded, 61% to hit)
You throw a boomerang of dispersal.
The boomerang of dispersal closely misses the gnoll.
You feel very sick. The gnoll barely misses you.
Throw: 6 boomerangs (disperse)
Press: ? - help, Q - select action Shift-Dir - straight line, f/p - gnoll
Aim: a gnoll, wielding a +0 spear of venom (moderately wounded, 61% to hit)
You throw a boomerang of dispersal.
The boomerang of dispersal hits the gnoll.
The gnoll blinks!
The gnoll is heavily wounded.
You feel very sick.
* * * LOW HITPOINT WARNING * * *
You feel sick.
* * * LOW HITPOINT WARNING * * *
You feel sick.
It was a potion of curing.
You feel better.
The gnoll hits you with a +0 spear of venom.
* * * LOW HITPOINT WARNING * * *
You are lethally poisoned!
You barely miss the gnoll. You claw the gnoll.
The gnoll is severely wounded.
* * * LOW HITPOINT WARNING * * *
You feel sick.
The gnoll hits you with a +0 spear of venom.
* * * LOW HITPOINT WARNING * * *
It was a potion of degeneration.
There was something very wrong with that liquid.
You feel weakened.
You feel dopey.
You feel clumsy.
You die...

..........####..##.##.#
...#........)......##.#
....(.....####..##.##.#
..>..(....####..##.##.#
#...............##.##.#
................##.##.#
#.........###..###[##.#
##........###..###.##.####
........(......g@........#
...............###.#######
...................#
##..#.#...####.###.###
.....................#
...................###
....#.#..###########
##..#.#..# #########


You could see a gnoll.

Vanquished Creatures
  A dart slug (D:1)
  5 endoplasms
  A goblin (D:1)
  5 hobgoblins (D:1)
  A quokka (D:1)
  A ball python (D:1)
  4 bats (D:1)
  3 frilled lizards (D:1)
  2 kobolds (D:1)
  6 rats
29 creatures vanquished.

Notes
Turn   | Place    | Note
-------+----------+-------------------------------------------
     0 | D:1      | mopl the Tengu Warper began the quest for the Orb.
     0 | D:1      | Reached XP level 1. HP: 12/12 MP: 4/4
   204 | D:1      | Found Kaasu's Weapon Shoppe.
   217 | D:1      | Reached XP level 2. HP: 16/17 MP: 6/6
   669 | D:1      | Reached skill level 3 in Long Blades
   852 | D:1      | Learned a level 2 spell: Blink
   884 | D:1      | Reached XP level 3. HP: 19/22 MP: 7/7
  1118 | D:1      | Succumbed to a gnoll's poison

Illustrated notes

Levels and vault maps discovered:
D:1:      amcnicky_arrival_underground_garden, layout_basic, serial_shops, shop,
          hellmonk_ecumenical_altar_prayer_group
D:2:      layout_loops_ring

Skill      XL: |  1  2 |
---------------+-------+-----
Long Blades    | 3 |  3.1
Fighting       | |  2.4
Throwing       | |  1.6
Armour         | |  1.1
Dodging        | |  2.1
Spellcasting   | |  2.0
Translocations | |  2.5

Action                   || total
-------------------------++-------
Melee: Falchion          ||    59
       Peck              ||     9
       Kick              ||    11
Throw: Dart              ||     5
       Boomerang         ||     2
  Use: Potion            ||     2
Armor: Leather armour    ||    15
       Ring mail         ||     4
Dodge: Dodged            ||    41
